 Dungeon Crawl Stone Soup version 0.26-a0-846-gcc8f1ee719 (webtiles) character file.

Game seed: 11560174283742410032

210 Cheivey the Sneak (level 5, 0/45 HPs)
             Began as a Ghoul Delver on Nov 19, 2020.
             Was an Initiate of Dithmenos.
             Slain by a scorpion (8 damage)
             ... on level 4 of the Dungeon.
             The game lasted 00:05:49 (3176 turns).

Cheivey the Sneak (Ghoul Delver)                    Turns: 3176, Time: 00:05:50

Health: 0/45       AC:  5    Str: 16    XL:     5   Next: 87%
Magic:  4/4        EV: 11    Int:  5    God:    Dithmenos [......]
Gold:   148        SH:  0    Dex: 11    Spells: 4/4 levels left

rFire    . . .     SeeInvis .     - Unarmed
rCold    + . .     Faith    .   (no shield)
rNeg     + + +     Spirit   .   e - +0 ring mail
rPois    ∞         Reflect  .   (no helmet)
rElec    .         Harm     .   (no cloak)
rCorr    .         Rampage  .   (no gloves)
MR       .....                  (no boots)
Stlth    ++........             (no amulet)
HPRegen  0.00/turn              (no ring)
MPRegen  0.09/turn              (no ring)

@: no status effects
A: rotting body, claws 1, cold resistance 1, negative energy resistance 3,
inhibited regeneration, torment resistance, unbreathing
a: Renounce Religion


You were on level 4 of the Dungeon.
You worshipped Dithmenos.
Dithmenos was noncommittal.
You visited 2 branches of the dungeon, and saw 6 of its levels.

You collected 148 gold pieces.

Inventory:

Armour
 a - a +0 leather armour
 e - a +0 ring mail (worn)
Jewellery
 i - an uncursed ring of positive energy {unknown}
Wands
 f - a wand of digging (3)
 m - a wand of enslavement (9)
Scrolls
 b - a scroll of fog
 c - a scroll of amnesia {unknown}
 g - 3 scrolls of teleportation {unknown}
 h - 2 scrolls of remove curse {unknown}
 j - a scroll of fear
 l - 2 scrolls of identify {unknown}
 q - a scroll of magic mapping
Potions
 d - 2 potions of curing
 k - a potion of heal wounds {unknown}
 n - a potion of ambrosia {unknown}
 o - a potion of attraction {unknown}
 p - a potion of haste


   Skills:
 + Level 3.6 Fighting
 + Level 2.0 Armour
 + Level 2.4 Dodging
 + Level 6.3 Stealth
 + Level 4.3 Unarmed Combat


You had 4 spell levels left.
You didn't know any spells.
Your spell library contained the following spells:

 Spells                   Type           Power        Failure   Level
 Beastly Appendage        Tmut           Unusable     N/A         1
 Wereblood                Tmut           Unusable     N/A         2
 Spider Form              Tmut/Pois      Unusable     N/A         3
 Ice Form                 Ice/Tmut       Unusable     N/A         4
 Blade Hands              Tmut           Unusable     N/A         5

Dungeon Overview and Level Annotations

Branches:
Dungeon (5/15)             Temple (1/1) D:4

Altars:
Ashenzari
Cheibriados
Dithmenos
Elyvilon
Makhleb
Sif Muna
Trog
Vehumet
Xom

Shops:
D:4 }


Innate Abilities, Weirdness & Mutations

Your body is rotting away.
You thrive by killing the living.
You are immune to poison.
You have sharp fingernails.
Your flesh is cold resistant. (rC+)
You are immune to negative energy. (rN+++)
You do not regenerate when monsters are visible.
You are immune to unholy pain and torment.
You can survive without breathing.


Message History

You scratch the hound.
The hound is moderately wounded.
The scorpion stings you.
* * * LOW HITPOINT WARNING * * *
The hound completely misses you.
You scratch the hound but do no damage.
The hound is moderately wounded.
The hound bites you.
* * * LOW HITPOINT WARNING * * *
An orc comes into view.
The scorpion stings you!
* * * LOW HITPOINT WARNING * * *
The hound bites you but does no damage. The hound closely misses you.
An orc comes into view.
It is wielding a +0 flail and wearing the cursed +1 chain mail of Sif Muna's Fury {MR+}.
It was a potion of curing.
You feel better. The hound barely misses you. The scorpion stings you.
* * * LOW HITPOINT WARNING * * *
You feel better. The hound barely misses you.
The hound bites you but does no damage. The scorpion stings you!
You die...

..# #####.#,.≈≈≈≈....≈≈≈≈..*
..# #.##..#,.≈≈≈≈...o≈≈o≈..*
..###.....#,..≈≈.....o≈≈..!*
...#......#,...............*
.......#..#,...............*
.....#.#..########''#######*
#....#........####o.#
..#......###....#h†##
..........##....@s##
....###.##.#....###
.........<......##
..##.......#.....#
.##.......###....#
..........# ###..###
..........####...>.#
........#..#......##
#.#.....##......[.#


You could see a scorpion, a hound, 2 orc priests and 2 orcs.

Vanquished Creatures
  A scorpion (D:4)
  A bullfrog skeleton (D:4)
  An iguana (D:4)
  4 adders
  An ooze (D:3)
  An adder skeleton (D:4)
  2 dart slugs
  5 leopard geckos
  2 giant cockroaches
  4 goblins
  6 hobgoblins
  7 jackals
  2 quokkas
  3 ball pythons
  8 bats
  3 frilled lizards
  3 kobolds
  5 rats
59 creatures vanquished.

Notes
Turn   | Place    | Note
-------+----------+-------------------------------------------
     0 | D:5      | Cheivey the Ghoul Delver began the quest for the Orb.
     0 | D:5      | Reached XP level 1. HP: 19/19 MP: 0/0
    81 | D:2      | Reached XP level 2. HP: 15/26 MP: 1/1
   257 | D:2      | Reached skill level 6 in Stealth
   474 | D:2      | Reached XP level 3. HP: 31/31 MP: 2/2
  1393 | D:2      | Reached XP level 4. HP: 38/38 MP: 3/3
  1909 | D:3      | Found a snail-covered altar of Cheibriados.
  2077 | D:3      | Reached skill level 1 in Armour
  2566 | D:4      | Found a staircase to the Ecumenical Temple.
  2604 | Temple   | Entered the Ecumenical Temple
  2679 | Temple   | Became a worshipper of Dithmenos the Shadowed
  2721 | D:4      | Reached XP level 5. HP: 38/45 MP: 4/4
  3090 | D:4      | Found Geuddu's Gadget Shop.
  3173 | D:4      | HP: 1/45 [scorpion (8)]
  3174 | D:4      | Identified the cursed +1 chain mail of Sif Muna's Fury
                  | {MR+}
  3176 | D:4      | Slain by a scorpion

Illustrated notes

Levels and vault maps discovered:
D:1:      matt_arrival_diagonals, layout_basic
D:2:      layout_basic, serial_co_window_serial, co_window_cross_1,
          co_window_paths_b, co_window_corner_a, co_window_paths_a,
          co_window_paths_b, co_window_of_opportunity_a, co_window_cross_2,
          co_window_broadway_b, co_window_broadway_b, glass_columns_a,
          glass_columns_b, glass_columns_a, glass_columns_b
D:3:      layout_rooms, kennysheep_slug_shrine, minmay_misc_feat_doors
D:4:      layout_cave_pools, minmay_temple_entry_mini_moons, serial_shops, shop,
          kennysheep_dice
D:5:      layout_loops_ring
Temple:   roderic_octagonal_lattice_temple

Skill      XL: |  1  2  3  4  5 |
---------------+----------------+-----
Stealth        | 6 |  6.3
Dodging        | 2 |  2.4
Unarmed Combat | 3 4 |  4.3
Armour         | 1 2 |  2.0
Fighting       | |  3.6

Action                   |  1- 3 |  4- 6 || total
-------------------------+-------+-------++-------
Melee: Unarmed           |    92 |   122 ||   214
       Punch             |       |     2 ||     2
  Use: Scroll            |     2 |       ||     2
       Potion            |     1 |     2 ||     3
 Stab: Sleeping          |     4 |     4 ||     8
       Distracted        |       |     1 ||     1
Armor: Leather armour    |     7 |       ||     7
       Ring mail         |    17 |    54 ||    71
Dodge: Dodged            |    58 |    92 ||   150

Table legend: (Time is in decaauts)
 A = Elapsed time spent in this place.
 B = Non-inter-level travel time spent in this place.
 C = Inter-level travel time spent in this place.
 D = Time resting spent in this place.
 E = Time spent auto-exploring this place.
 F = Levels seen in this place.
 G = Mean time per level.
                   A        B        C        D        E       F      G
               +--------+--------+--------+--------+--------+-----+--------+
         Total |   3145 |   3029 |    116 |    304 |   2123 |   6 |  524.2 |
       Dungeon |   3053 |   2953 |    100 |    304 |   2054 |   5 |  610.6 |
        Temple |     91 |     75 |     16 |      0 |     69 |   1 |   91.0 |
               +--------+--------+--------+--------+--------+-----+--------+

Top non-repeatable levels by time:
     D:2: 1161 daAuts
     D:4: 663 daAuts
     D:1: 660 daAuts
     D:3: 564 daAuts
  Temple: 91 daAuts
     D:5: 4 daAuts
